 Dungeon Crawl Stone Soup version 0.25-a0-576-g50b708a4c4 (webtiles) character file.

Game seed: 9201252646125262733, levelgen mode: deterministic

41 Flugslaktarn the Covered (level 3, 0/34 HPs)
             Began as a Deep Dwarf Fighter on Mar 1, 2020.
             Slain by an ogre
             ... wielding a +0 giant spiked club
              (10 damage)
             ... on level 4 of the Dungeon.
             The game lasted 00:00:35 (479 turns).

Flugslaktarn the Covered (Deep Dwarf Fighter)        Turns: 479, Time: 00:00:35

Health: 0/34       AC:  8    Str: 20    XL:     3   Next: 32%
Magic:  2/2        EV:  7    Int:  8    God:
Gold:   64         SH:  9    Dex: 12    Spells: 2/2 levels left

rFire    . . .     SeeInvis .   a - +0 war axe
rCold    . . .     Gourm    .   c - +0 kite shield
rNeg     . . .     Faith    .   b - +0 scale mail
rPois    .         Spirit   .   (no helmet)
rElec    .         Reflect  .   h - +0 cloak
rCorr    .         Harm     .   (no gloves)
MR       .....                  (no boots)
Stlth    ..........             (no amulet)
HPRegen  0.00/turn              (no ring)
MPRegen  0.08/turn              (no ring)

@: non-regenerating
A: damage resistance, heal wounds, sense surroundings 1, no regeneration
a: Heal Wounds


You were on level 4 of the Dungeon.
You were not hungry.

You visited 1 branch of the dungeon, and saw 4 of its levels.

You collected 64 gold pieces.

Inventory:

Hand Weapons
 a - a +0 war axe (weapon)
Armour
 b - a +0 scale mail (worn)
 c - a +0 kite shield (worn)
 h - a +0 cloak (worn)
   (You found it on level 2 of the Dungeon)
Scrolls
 g - a scroll of remove curse {unknown}
 i - 3 scrolls of identify {unknown}
Potions
 d - a potion of might
Comestibles
 e - 4 rations
 f - 4 chunks of flesh


   Skills:
 + Level 3.0 Fighting
 * Level 3.1 Axes
 + Level 3.6 Armour
 + Level 3.6 Shields


You had 2 spell levels left.
You didn't know any spells.
Your spell library was empty.

Dungeon Overview and Level Annotations

Branches:
Dungeon (4/15)
 Temple: D:4-7

Altars:


Innate Abilities, Weirdness & Mutations

You are resistant to damage.
You can heal yourself by infusing magical energy.
You passively map a small area around you.
You do not regenerate.


Message History

An orc wizard comes into view.
It is wielding a +0 dagger and wearing a +0 robe of positive energy.
You barely miss the ogre.
The ogre is severely wounded.
You slash the jackal!
You kill the jackal!
The ogre hits you with a +0 giant spiked club!!
Ouch! That really hurt!
* * * LOW HITPOINT WARNING * * *
The orc wizard mumbles some strange words.
The orc wizard blinks!
Some of the chunks of flesh in your inventory have rotted away.
You are too injured to fight recklessly!
You are too injured to fight recklessly!
You are too injured to fight recklessly!
You are too injured to fight recklessly!
You are too injured to fight recklessly!
You fail to use your ability.
The orc hits you but does no damage. You block the jackal's attack.
The ogre hits you with a +0 giant spiked club!
You die...

,,...####* ......
, , .......
...... *
.§.....###......
....o#.#......≈≈
*#...o..........≈
,*#...<...# (≈≈ ,
* ###o....#.#≈≈,
,, , #.ho....# ,
#..@...## , , ,
*#...#O!....#
...........$... ,
,,
,.##...........#
* ###........## ,
, , * #........#
.........# , , ,*
..........# , ,,
, ,


You could see an ogre, an orc wizard, 3 orcs and a jackal.

Vanquished Creatures
  An adder (D:3)
  An ooze (D:1)
  A worm (D:3)
  2 leopard geckos (D:3)
  2 bats
  A giant cockroach (D:2)
  3 goblins
  A hobgoblin (D:3)
  3 jackals
  A quokka (D:2)
  3 kobolds
  3 rats
22 creatures vanquished.

Notes
Turn   | Place    | Note
-------+----------+-------------------------------------------
     0 | D:1      | Flugslaktarn the Deep Dwarf Fighter began the quest for the
                  | Orb.
     0 | D:1      | Reached XP level 1. HP: 20/20 MP: 1/1
    49 | D:1      | Reached XP level 2. HP: 27/27 MP: 2/2
   367 | D:3      | Reached XP level 3. HP: 28/34 MP: 3/3
   465 | D:4      | Noticed an ogre
   479 | D:4      | Slain by an ogre

Levels and vault maps discovered:
D:1:      ncdulo_wetmaze, layout_loops_corners, minmay_misc_feat_doors,
          st_stairs_10
D:2:      layout_loops_corners, minmay_crystal_room, nicolae_ru_path_of_blood
D:3:      layout_loops_corners, minmay_distorted
D:4:      layout_rooms, fedhas_altar_2, serial_shops, shop, first_ration,
          minmay_diced_spiral, uniq_duvessa

Skill      XL: |  1  2 |
---------------+-------+-----
Axes           | 3 |  3.1
Fighting       | 3 |  3.0
Armour         | |  3.6
Shields        | |  3.6

Action                   || total
-------------------------++-------
Melee: War axe           ||    68
 Abil: Heal Wounds       ||     3
Armor: Scale mail        ||    39
Dodge: Dodged            ||    30
Block: Kite shield       ||    50

Table legend:
 A = Non-vault XP
 B = Vault XP
 C = Vault XP percentage of total XP
 D = Non-vault monster count
 E = Vault monster count
 F = Vault count percentage of total count
                 A         B        C        D         E       F
            +---------+---------+-------+---------+---------+-------
      Total |      48 |      11 |  18.6 |      17 |       5 |  22.7
            +---------+---------+-------+---------+---------+-------
        D:1 |       5 |       8 |  61.5 |       3 |       3 |  50.0
        D:2 |      11 |       0 |   0.0 |       6 |       0 |   0.0
        D:3 |      30 |       3 |   9.1 |       7 |       2 |  22.2
        D:4 |       2 |       0 |   0.0 |       1 |       0 |   0.0
            +---------+---------+-------+---------+---------+-------
